 Dungeon Crawl Stone Soup version 0.22.1-1-ga44c0e56f4 (webtiles) character file.

169 Kniotic the Insei (level 5, -6/39 HPs)
             Began as an Octopode Monk on Nov 3, 2018.
             Mangled by a hornet zombie (7 damage)
             ... on level 4 of the Dungeon.
             The game lasted 00:06:06 (2293 turns).

Kniotic the Insei (Octopode Monk)                   Turns: 2293, Time: 00:06:07

Health: -6/39      AC:  1    Str:  8    XL:     5   Next: 50%
Magic:  5/5        EV: 15    Int: 14    God:
Gold:   156        SH:  4    Dex: 14    Spells: 4/4 levels left

rFire    . . .     SeeInvis .     - Unarmed
rCold    . . .     Gourm    .   (no shield)
rNeg     . . .     Faith    .   (helmet restricted)
rPois    .         Spirit   .   (no amulet)
rElec    .         Reflect  .   (no ring)
rCorr    .         Harm     .   (no ring)
MR       .....                  (no ring)
Stlth    +++.......             (no ring)
HPRegen  0.13/turn              (no ring)
MPRegen  0.09/turn              (no ring)
                                (no ring)
                                (no ring)

@: no status effects
A: almost no armour, stealthy swim, amphibious, 8 rings, constrict 8, large bone
plates 1, camouflage 1, robust 1, weak 1, gelatinous body 1
a: no special abilities


You were on level 4 of the Dungeon.
You were not hungry.

You visited 1 branch of the dungeon, and saw 4 of its levels.

You collected 156 gold pieces.

Inventory:

Jewellery
 o - an uncursed ring of protection from cold {unknown}
Scrolls
 b - 2 scrolls of identify {unknown}
 c - 2 scrolls of teleportation {unknown}
 d - 2 scrolls of blinking {unknown}
 e - a scroll of amnesia {unknown}
 g - a scroll of remove curse
 i - a scroll of noise {unknown}
 j - a scroll of fog {unknown}
Potions
 f - a potion of might {unknown}
 h - a potion of mutation
 k - a potion of lignification {unknown}
 l - a potion of curing {unknown}
 n - a potion of flight {unknown}
Comestibles
 a - 9 rations
 m - a chunk of flesh


   Skills:
 - Level 3.0 Fighting
 + Level 4.2 Dodging
 - Level 2.6 Stealth
 * Level 5.2 Unarmed Combat


You had 4 spell levels left.
You didn't know any spells.
Your spell library contained the following spells:

 Spells                   Type           Power        Failure   Level  Hunger
 Animate Skeleton         Necr           N/A          28%         1    ##.....
 Pain                     Necr           #...         28%         1    ##.....
 Regeneration             Chrm/Necr      #.........   65%         3    ####...
 Vampiric Draining        Necr           #.........   65%         3    ####...
 Animate Dead             Necr           N/A          96%         4    #####..


Dungeon Overview and Level Annotations

Branches:
Dungeon (4/15)
 Temple: D:4-7

Altars:
Cheibriados
Makhleb
Wu Jian
Xom
The Shining One

Annotations:
D:2 1 runed door


Innate Abilities, Weirdness & Mutations

You cannot wear most types of armour.
You are very stealthy in the water. (Stealth+)
You are amphibious.
You can wear up to eight rings at the same time.
You can use your tentacles to constrict eight enemies at once.
Your skin changes colour to match your surroundings (Stealth+).
Your rubbery body absorbs attacks. (AC +1, EV +1)
You are partially covered in large bone plates. (SH +4)
You are robust. (+10% HP)
You are weak. (Str -2)


Message History

It was a potion of mutation.
You feel extremely strange.
Large bone plates grow over parts of your tentacles.
You feel weaker.
You feel robust.
You constrict the hornet zombie. The leopard gecko bites you.
* * * LOW HITPOINT WARNING * * *
The hornet zombie completely misses you.
Okay, then.
You aren't carrying any items that you can evoke.
Unknown command.
You tentacle-slap the hornet zombie but do no damage.
You squeeze the hornet zombie.
The hornet zombie is moderately damaged.
You constrict the hornet zombie. You block the leopard gecko's attack.
The hornet zombie barely misses you.
You barely miss the hornet zombie. Your squeeze misses the hornet zombie.
The hornet zombie is moderately damaged.
You constrict the hornet zombie. The leopard gecko bites you.
* * * LOW HITPOINT WARNING * * *
The hornet zombie hits you!
You die...

#.###### .#
#......#..#
#......#..
#........
#....$.# #
#......#
#.#.##.####.#
#.....l.....##
###...@Z......
#.#####.#...
#. ....# ..
#... #.. .!.
#.. .. #.. #..


You could see a hornet zombie and a leopard gecko.

Vanquished Creatures
  A crimson imp (D:3)
  A hound (D:3)
  A worker ant (D:4)
  An adder (D:3)
  3 dart slugs
  A leopard gecko (D:3)
  2 orcs (D:3)
  6 bats
  2 giant cockroaches
  6 goblins
  7 hobgoblins
  5 kobolds
  3 quokkas
  A frilled lizard (D:1)
  31 rats
71 creatures vanquished.

Notes
Turn   | Place    | Note
-------+----------+-------------------------------------------
     0 | D:1      | Kniotic the Octopode Monk began the quest for the Orb.
     0 | D:1      | Reached XP level 1. HP: 16/16 MP: 1/1
   282 | D:1      | Reached XP level 2. HP: 18/21 MP: 2/2
   681 | D:1      | Reached XP level 3. HP: 26/26 MP: 3/3
   707 | D:2      | Found a faded altar of an unknown god.
   848 | D:2      | Reached skill level 4 in Unarmed Combat
  1234 | D:2      | Found an ornate altar of the Wu Jian Council.
  1573 | D:2      | Found a runed door.
  1664 | D:3      | Reached XP level 4. HP: 31/31 MP: 4/4
  1705 | D:3      | Found a burning altar of Makhleb.
  1733 | D:3      | Found a snail-covered altar of Cheibriados.
  1804 | D:3      | Found a shimmering altar of Xom.
  1805 | D:3      | Found a burning altar of Makhleb.
  1814 | D:3      | Reached skill level 5 in Unarmed Combat
  1814 | D:3      | Reached XP level 5. HP: 35/36 MP: 5/5
  2143 | D:3      | Found a glowing golden altar of the Shining One.
  2291 | D:4      | Gained mutation: You are partially covered in large bone
                  | plates. (SH +4) [potion of mutation]
  2291 | D:4      | Gained mutation: You are weak. (Str -2) [potion of
                  | mutation]
  2291 | D:4      | Gained mutation: You are robust. (+10% HP) [potion of
                  | mutation]
  2293 | D:4      | HP: 1/39 [leopard gecko (3)]
  2293 | D:4      | Mangled by a hornet zombie

Skill      XL: |  1  2  3  4 |
---------------+-------------+-----
Unarmed Combat | 4 5 |  5.2
Dodging        | 4 |  4.2
Fighting       | |  3.0
Stealth        | |  2.6

Action                   |  1- 3 |  4- 6 || total
-------------------------+-------+-------++-------
Melee: Unarmed           |    98 |    46 ||   144
       Constrict         |    31 |     9 ||    40
       Tentacles         |    15 |     5 ||    20
       Punch             |     2 |     1 ||     3
  Use: Scroll            |     2 |       ||     2
       Potion            |       |     1 ||     1
 Stab: Sleeping          |    15 |     2 ||    17
  Eat: Chunk             |     2 |     2 ||     4
Armor: Skin              |     8 |     1 ||     9
Dodge: Dodged            |    32 |    35 ||    67
Block: Other             |       |     1 ||     1
